Construct Infanterie Kompanie
Selects Italian Coastal Battlegroup
Construct Panzergrenadier Kompanie
Construct Luftwaffe Kompanie
Selects Artillery Officer
Infanterie Officer Quarters
Flak 30 Anti-aircraft Gun Team
Selects Designated Artillery Overwatch
Designated Artillery Overwatch
Marder III M Tank Destroyer
Selects Obice da 210/22 Artillery Emplacement
Designated Artillery Overwatch
Marder III M Tank Destroyer